 Dungeon Crawl Stone Soup version 0.23-a0-183-gf37f6fb (webtiles) character file.

129 namelastname112 the Sneak (level 4, 0/37 HPs)
             Began as a Draconian Assassin on Sept 21, 2018.
             Killed by divine providence
             ... invoked by an orc priest
              (7 damage)
             ... on level 3 of the Dungeon.
             The game lasted 00:03:42 (1920 turns).

namelastname112 the Sneak (Draconian Assassin)      Turns: 1920, Time: 00:03:43

Health: 0/37       AC:  6    Str: 14    XL:     4   Next: 88%
Magic:  4/4        EV: 12    Int: 11    God:
Gold:   124        SH:  0    Dex: 13    Spells: 3/3 levels left

rFire    . . .     SeeInvis .   q - +2 dagger (venom)
rCold    . . .     Gourm    .   (no shield)
rNeg     . . .     Faith    .   (armour unavailable)
rPois    .         Spirit   .   (helmet restricted)
rElec    .         Reflect  .   c - +0 cloak
rCorr    .         Harm     .   (no gloves)
MR       .....                  (no boots)
Stlth    +++.......             (no amulet)
HPRegen  0.12/turn              (no ring)
MPRegen  0.09/turn              (no ring)

@: no status effects
A: unfitting armour, cold-blooded, AC +5
a: no special abilities


You were on level 3 of the Dungeon.
You were not hungry.

You visited 1 branch of the dungeon, and saw 3 of its levels.

You collected 124 gold pieces.

Inventory:

Hand Weapons
 a - a +2 dagger of holy wrath
 b - a +0 blowgun
 q - a +2 dagger of venom (weapon)
Missiles
 d - 16 poisoned needles
 e - 2 curare-tipped needles
Armour
 c - a +0 cloak (worn)
Scrolls
 g - 3 scrolls of remove curse {unknown}
 h - 2 scrolls of magic mapping {unknown}
 j - a scroll of enchant armour {unknown}
 k - 2 scrolls of identify {unknown}
 l - a scroll of fog {unknown}
 o - a scroll of enchant weapon {unknown}
Potions
 i - a potion of degeneration {unknown}
 m - a potion of heal wounds {unknown}
 p - 2 potions of curing {unknown}
Comestibles
 f - 9 rations


   Skills:
 + Level 2.8 Fighting
 * Level 3.4 Short Blades
 + Level 2.4 Throwing
 + Level 1.9 Dodging
 + Level 4.1 Stealth


You had 3 spell levels left.
You didn't know any spells.
Your spell library was empty.

Dungeon Overview and Level Annotations

Branches:
Dungeon (3/15)

Altars:
Fedhas
Kikubaaqudgha
Makhleb
Qazlal
Trog
Yredelemnul


Innate Abilities, Weirdness & Mutations

Your plain brown scales are hard. (AC +5)
You cannot fit into any form of body armour.
You are cold-blooded and may be slowed by cold attacks.


Message History

Things that are here:
a short sword; an orc corpse
There are monsters nearby!
There are monsters nearby!
You hit the orc priest but do no damage.
The orc priest is poisoned.
The orc priest is moderately wounded.
You hit the orc priest.
The orc priest looks as sick as possible!
The orc priest is heavily wounded.
The orc priest closely misses you.
You hit the orc priest but do no damage.
The orc priest looks as sick as possible!
The orc priest is heavily wounded.
The orc priest invokes the aid of Beogh against you.
Pain shoots through your body!
* * * LOW HITPOINT WARNING * * *
The orc priest calls down the wrath of Beogh upon you.
Beogh smites you!
You die...

#.#.# #.#.#
#.#.# #.#.##
#....# ###..#
#..#
##.######†.##.#
#..oooo@.<....#
.########..####
#..# #..# ...#
####


You could see 2 orc priests and 2 orcs.

Vanquished Creatures
  4 adders
  An ooze (D:3)
  A worm (D:2)
  A dart slug (D:1)
  A leopard gecko (D:3)
  5 orcs (D:3)
  A ball python (D:3)
  10 bats
  6 giant cockroaches
  5 goblins
  11 hobgoblins
  4 jackals
  2 quokkas
  A frilled lizard (D:2)
  10 kobolds
  11 rats
74 creatures vanquished.

Vanquished Creatures (others)
  4 toadstools (D:1)
4 creatures vanquished.

Grand Total: 78 creatures vanquished

Notes
Turn   | Place    | Note
-------+----------+-------------------------------------------
     0 | D:1      | namelastname112 the Draconian Assassin began the quest for
                  | the Orb.
     0 | D:1      | Reached XP level 1. HP: 17/17 MP: 1/1
    52 | D:1      | Reached skill level 1 in Dodging
   102 | D:1      | Reached XP level 2. HP: 25/25 MP: 2/2
   890 | D:2      | Reached XP level 3. HP: 30/30 MP: 3/3
  1182 | D:2      | Reached XP level 4. HP: 37/37 MP: 4/4
  1685 | D:3      | Found a basalt altar of Yredelemnul.
  1685 | D:3      | Found a blossoming altar of Fedhas.
  1685 | D:3      | Found an ancient bone altar of Kikubaaqudgha.
  1686 | D:3      | Found a stormy altar of Qazlal.
  1686 | D:3      | Found a bloodstained altar of Trog.
  1686 | D:3      | Found a burning altar of Makhleb.
  1705 | D:3      | Reached skill level 4 in Stealth
  1920 | D:3      | Killed from afar by an orc priest

Vault maps used:
D:1:      ldierk_walled_garden_2, palyth_stone_intersect
D:2:      first_ration
D:3:      cheibriados_altar_1, grunt_temple_overflow_open, uniq_grinder

Skill      XL: |  1  2  3  4 |
---------------+-------------+-----
Dodging        | 1 |  1.9
Throwing       | 2 |  2.4
Short Blades   | 3 |  3.4
Stealth        | 4 |  4.1
Fighting       | |  2.8

Action                   |  1- 3 |  4- 6 || total
-------------------------+-------+-------++-------
Melee: Dagger            |   131 |    92 ||   223
       Tailslap          |    12 |     5 ||    17
 Stab: Sleeping          |     9 |     9 ||    18
       Distracted        |     1 |       ||     1
  Eat: Chunk             |       |     3 ||     3
Armor: Skin              |    36 |    36 ||    72
Dodge: Dodged            |    78 |    43 ||   121

Table legend:
 A = Non-vault XP
 B = Vault XP
 C = Vault XP percentage of total XP
 D = Non-vault monster count
 E = Vault monster count
 F = Vault count percentage of total count
                 A         B        C        D         E       F
            +---------+---------+-------+---------+---------+-------
      Total |     185 |       0 |   0.0 |      74 |       0 |   0.0
            +---------+---------+-------+---------+---------+-------
        D:1 |      37 |       0 |   0.0 |      22 |       0 |   0.0
        D:2 |      79 |       0 |   0.0 |      32 |       0 |   0.0
        D:3 |      69 |       0 |   0.0 |      20 |       0 |   0.0
            +---------+---------+-------+---------+---------+-------
